 Dungeon Crawl Stone Soup version 0.25-a0-294-gea9b1ad378 (webtiles) character file.

Game seed: 16261224683784649890, levelgen mode: deterministic

46 Error4North the Skirmisher (level 3, 0/33 HPs)
             Began as a Hill Orc Fighter on Dec 16, 2019.
             Succumbed to an adder's poison
             ... on level 2 of the Dungeon.
             The game lasted 00:07:54 (1553 turns).

Error4North the Skirmisher (Hill Orc Fighter)       Turns: 1553, Time: 00:07:56

Health: 0/33       AC:  7    Str: 23    XL:     3   Next: 68%
Magic:  3/3        EV:  7    Int:  9    God:
Gold:   85         SH:  9    Dex: 10    Spells: 2/2 levels left

rFire    . . .     SeeInvis .   a - +0 war axe
rCold    . . .     Gourm    .   c - +0 shield
rNeg     . . .     Faith    .   b - +0 scale mail
rPois    .         Spirit   .   (no helmet)
rElec    .         Reflect  .   (no cloak)
rCorr    .         Harm     .   (no gloves)
MR       .....                  (no boots)
Stlth    ..........             (no amulet)
HPRegen  0.11/turn              (no ring)
MPRegen  0.08/turn              (no ring)

@: mighty, lethally poisoned (0 -> -4)
A: no striking features
a: no special abilities


You were on level 2 of the Dungeon.
You were not hungry.

You visited 1 branch of the dungeon, and saw 2 of its levels.

You collected 85 gold pieces.

Inventory:

Hand Weapons
 a - a +0 war axe (weapon)
 h - a +0 hunting sling
Missiles
 i - 18 sling bullets (quivered)
Armour
 b - a +0 scale mail (worn)
 c - a +0 shield (worn)
 e - a +3 ring mail
Comestibles
 f - 2 chunks of flesh
 g - a ration


   Skills:
 + Level 4.0 Fighting
 + Level 3.6 Axes
 + Level 0.4 Slings
 + Level 3.8 Armour
 + Level 3.6 Shields


You had 2 spell levels left.
You didn't know any spells.
Your spell library was empty.

Dungeon Overview and Level Annotations

Branches:
Dungeon (2/15)

Altars:
Ashenzari
Elyvilon
Okawaru
Xom

Annotations:
D:2 Robin


Message History

You kill the adder!
* * * LOW HITPOINT WARNING * * *
You feel sick.
* * * LOW HITPOINT WARNING * * *
You feel sick.
As you read the scroll labeled ZYEDDUC OXAH, it crumbles to dust.
You feel strangely unstable.
It was a scroll of teleportation.
* * * LOW HITPOINT WARNING * * *
You feel sick.
As you read the scroll labeled ZUSEIZIL QEUCSAM, it crumbles to dust.
It is a scroll of identify.
e - a +3 ring mail Keep disrobing?
* * * LOW HITPOINT WARNING * * *
You feel sick.
You start removing your armour.
You continue taking off your +0 scale mail.
Your surroundings suddenly seem different.
You continue taking off your +0 scale mail.
You die...

... #.#._...g.## ..#
#....gg.# #.#
.###....## #.# #.#
####<#
#†############# ...
#.#
#†............###.#
#.#
....#####.#####.#...
..# #.#.# #.# #.#.#
#.# ....# #.# #(@.#
#.# #.### #.# #.###
#.# #.
###.#####.#####.#
#.# #
#.......÷.......#
........)÷....###
######..#####.# #..#
# #..# #..#


There were no monsters in sight!

Vanquished Creatures
  An adder (D:2)
  A dart slug (D:1)
  A leopard gecko (D:1)
  7 bats (D:1)
  3 giant cockroaches
  6 goblins (D:1)
  5 hobgoblins (D:1)
  A frilled lizard (D:2)
  A kobold (D:2)
  7 rats
33 creatures vanquished.

Notes
Turn   | Place    | Note
-------+----------+-------------------------------------------
     0 | D:1      | Error4North the Hill Orc Fighter began the quest for the
                  | Orb.
     0 | D:1      | Reached XP level 1. HP: 19/19 MP: 1/1
   195 | D:1      | Reached XP level 2. HP: 24/27 MP: 2/2
   650 | D:1      | Reached skill level 4 in Fighting
   704 | D:1      | Reached XP level 3. HP: 32/33 MP: 3/3
  1297 | D:2      | Found a white marble altar of Elyvilon.
  1297 | D:2      | Found an iron altar of Okawaru.
  1297 | D:2      | Found a shimmering altar of Xom.
  1297 | D:2      | Found a shattered altar of Ashenzari.
  1310 | D:2      | Noticed Robin
  1549 | D:2      | HP: 1/33 [poisoned by an adder]
  1553 | D:2      | Succumbed to an adder's poison

Levels and vault maps discovered:
D:1:      shiori_arrival_elements, layout_basic
D:2:      layout_loops_ring, grunt_temple_overflow_opulence,
          grunt_temple_overflow_open, uniq_robin

Skill      XL: |  1  2 |
---------------+-------+-----
Axes           | 3 |  3.6
Fighting       | 4 |  4.0
Slings         | |  0.4
Armour         | |  3.8
Shields        | |  3.6

Action                   || total
-------------------------++-------
Melee: War axe           ||    86
 Fire: Hunting sling     ||    16
  Use: Scroll            ||     2
       Potion            ||     1
  Eat: Ration            ||     1
Armor: Scale mail        ||    30
Dodge: Dodged            ||    28
Block: Shield            ||    56

Table legend:
 A = Non-vault XP
 B = Vault XP
 C = Vault XP percentage of total XP
 D = Non-vault monster count
 E = Vault monster count
 F = Vault count percentage of total count
                 A         B        C        D         E       F
            +---------+---------+-------+---------+---------+-------
      Total |      59 |       8 |  11.9 |      29 |       4 |  12.1
            +---------+---------+-------+---------+---------+-------
        D:1 |      37 |       8 |  17.8 |      21 |       4 |  16.0
        D:2 |      22 |       0 |   0.0 |       8 |       0 |   0.0
            +---------+---------+-------+---------+---------+-------
